[Event "Titled Tuesday Blitz June 20 Early 2023"]
[White "Donchenko, Alexander"]
[Black "Bluebaum, Matthias"]
[WhiteFideId "24603295"]
[BlackFideId "24651516"]
[WhiteElo "2554"]
[BlackElo "2639"]
[Result "1-0"]
[Round "4"]
[TimeControl "180+2"]
[Date "2023.06.20"]
[WhiteClock "0:00:06"]
[BlackClock "0:00:14"]
[Board "8"]

1. c4 e6 2. g3 d5 3. Bg2 Nf6 4. b3 Nc6 5. Bb2 Bd6 6. Nf3 O-O 7. O-O d4 8. e3 e5 9. exd4 Nxd4 10. Nxd4 exd4 11. d3 c5 12. Nd2 Bg4 13. Qc2 Qd7 14. Rfe1 Rfe8 15. b4 Bh3 16. Bh1 cxb4 17. Nb3 Ng4 18. Bxd4 Rad8 19. Bxa7 Qf5 20. Bb6 Rb8 21. Qd2 Re5 22. d4 Rxe1+ 23. Rxe1 Qh5 24. Re4 Qg6 25. c5 Bf8 26. d5 Nf6 27. Rxb4 Re8 28. Rh4 Qb1+ 29. Nc1 Qc2 30. Ba5 Qf5 31. d6 g5 32. Rxh3 Qxh3 33. Bg2 Qe6 34. Bxb7 h6 35. Bf3 g4 36. Bg2 h5 37. Nd3 Bg7 38. Nf4 Qf5 39. c6 h4 40. d7 Rf8 41. d8=Q h3 42. Bf1 Qb1 43. Qxf8+ Bxf8 44. c7 Qe4 45. Qe1 Nh5 46. Qxe4 Nxf4 47. Qxf4 Kh7 48. Qxg4 Bh6 49. Qxh3 Kg7 50. Qxh6+ Kxh6 51. c8=Q f5 52. Qxf5 Kg7 53. Bd3 Kh6 54. Qg6# 1-0


[Site "https://www.chess.com"]

[Event "Titled Tuesday Blitz June 20 Early 2023"]
[White "Grischuk, Alexander"]
[Black "Kravtsiv, Martyn"]
[WhiteFideId "4126025"]
[BlackFideId "14113147"]
[WhiteElo "2721"]
[BlackElo "2695"]
[Result "1-0"]
[Round "4"]
[TimeControl "180+2"]
[Date "2023.06.20"]
[WhiteClock "0:00:04"]
[BlackClock "0:00:00"]
[Board "9"]

1. d4 d5 2. Nf3 Nf6 3. Bg5 Ne4 4. Bh4 g6 5. c4 c6 6. e3 Bg7 7. Nc3 Qa5 8. Qb3 Nxc3 9. bxc3 b6 10. cxd5 cxd5 11. Bb5+ Bd7 12. a4 Bxb5 13. Qxb5+ Nd7 14. Ke2 Rc8 15. Rhb1 e5 16. Qxa5 bxa5 17. Rb5 Rxc3 18. Rxd5 exd4 19. Nxd4 Bxd4 20. Rxd4 Rc2+ 21. Kf1 f6 22. Rb1 Rc7 23. Bg3 Rc8 24. Rb7 Nc5 25. Rxa7 O-O 26. Bd6 Nb3 27. Bxf8 Nxd4 28. exd4 Kxf8 29. Rxa5 Rc4 30. d5 Ke7 31. Ra7+ Kd6 32. Rxh7 Rxa4 33. Rh6 Ra1+ 34. Ke2 Ra2+ 35. Kf3 Ra3+ 36. Kf4 Ra2 37. Kg3 Kxd5 38. Rxg6 Ke5 39. h4 f5 40. f4+ Ke4 41. Re6+ Kd4 42. Re5 1-0


[Site "https://www.chess.com"]

[Event "Titled Tuesday Blitz June 20 Early 2023"]
[White "Paravyan, David"]
[Black "Gadimbayli, Abdulla"]
[WhiteFideId "4194985"]
[BlackFideId "13404938"]
[WhiteElo "2563"]
[BlackElo "2386"]
[Result "0-1"]
[Round "4"]
[TimeControl "180+2"]
[Date "2023.06.20"]
[WhiteClock "0:00:00"]
[BlackClock "0:00:03"]
[Board "10"]

1. e4 e5 2. Nf3 d5 3. exd5 e4 4. Qe2 Nf6 5. d3 Bb4+ 6. Nbd2 O-O 7. dxe4 Nxe4 8. c3 Nxc3 9. bxc3 Bxc3 10. Qc4 Bxa1 11. Bd3 Re8+ 12. Kf1 Nd7 13. Nb3 Bf6 14. Qc2 h6 15. h4 Ne5 16. Bh7+ Kh8 17. Ng5 Qxd5 18. Be4 Qc4+ 19. Qxc4 Nxc4 20. Bd5 Nd6 21. Ba3 Be6 22. Bxe6 fxe6 23. Bxd6 cxd6 24. Ke2 hxg5 25. hxg5+ Kg8 26. gxf6 gxf6 27. Nd4 Rac8 28. f4 Rc7 29. g4 e5 30. Nf5 exf4+ 31. Kf3 Rc3+ 32. Kxf4 Rc4+ 33. Kf3 Ree4 34. Rd1 Rf4+ 35. Ke3 Rce4+ 36. Kd3 Ra4 37. Rc1 Ra3+ 38. Ke2 Rxa2+ 39. Ke3 Rxf5 40. gxf5 Kg7 41. Rc7+ Kh6 42. Rxb7 Kg5 43. Rd7 Ra6 44. Ke4 Ra4+ 45. Ke3 Kxf5 46. Rxd6 Ke5 47. Rd7 a5 48. Re7+ Kf5 49. Ra7 Ra3+ 50. Kd4 Kf4 51. Rb7 f5 52. Rb1 Kg4 53. Ke5 f4 54. Rg1+ Rg3 55. Ra1 Re3+ 56. Kd4 Re8 57. Rxa5 f3 58. Ra7 Kg3 59. Rg7+ Kh2 60. Kd3 f2 61. Rf7 Kg2 62. Rg7+ Kf1 63. Kd2 Rd8+ 64. Kc2 Re8 65. Kd2 Re5 66. Rg8 Rh5 67. Rg7 Rh2 68. Ke3 Rg2 69. Ra7 Kg1 0-1


[Site "https://www.chess.com"]

[Event "Titled Tuesday Blitz June 20 Early 2023"]
[White "Pranav, V"]
[Black "Beerdsen, Thomas"]
[WhiteFideId "25060783"]
[BlackFideId "1030108"]
[WhiteElo "2533"]
[BlackElo "2553"]
[Result "0-1"]
[Round "4"]
[TimeControl "180+2"]
[Date "2023.06.20"]
[WhiteClock "0:00:07"]
[BlackClock "0:01:56"]
[Board "11"]

1. e4 e5 2. Nf3 Nc6 3. Bb5 f5 4. d3 fxe4 5. dxe4 Nf6 6. Nc3 Bb4 7. O-O Bxc3 8. bxc3 d6 9. Qd3 O-O 10. a4 Kh8 11. a5 a6 12. Bc4 Qe8 13. Re1 Qh5 14. h3 Ne7 15. Ng5 h6 16. Ne6 Bxe6 17. Bxe6 Ng6 18. Rb1 Nf4 19. Bxf4 exf4 20. Rxb7 Qxa5 21. Qc4 Rae8 22. Rd1 f3 23. g3 Qe5 24. Qxc7 Nxe4 25. Rd5 Qxc3 26. Qxc3 Nxc3 27. Rxd6 Rf6 28. Rbb6 Nb5 29. Rdc6 Nd4 30. Bd7 Re1+ 31. Kh2 Nxc6 32. Bxc6 Rf1 33. Rb8+ Kh7 34. Be4+ g6 35. Rb7+ Kh8 36. Rb8+ Kg7 37. g4 Rxf2+ 38. Kg3 Rg2+ 39. Kh4 g5+ 40. Kh5 Rh2 41. Rb7+ Rf7 42. Rxf7+ Kxf7 43. Kxh6 f2 44. Bd3 Rxh3+ 45. Kxg5 Rxd3 0-1


[Site "https://www.chess.com"]

[Event "Titled Tuesday Blitz June 20 Early 2023"]
[White "Korobov, Anton"]
[Black "Mikhailovsky, Vladimir"]
[WhiteFideId "14105730"]
[BlackFideId "34105414"]
[WhiteElo "2638"]
[BlackElo "2244"]
[Result "1-0"]
[Round "4"]
[TimeControl "180+2"]
[Date "2023.06.20"]
[WhiteClock "0:00:36"]
[BlackClock "0:00:02"]
[Board "12"]

1. d4 d6 2. Nf3 Nf6 3. c4 g6 4. Nc3 Bf5 5. Qb3 Qc8 6. h3 h5 7. c5 Bg7 8. Ng5 O-O 9. e4 Bd7 10. Be3 dxc5 11. dxc5 Nc6 12. Be2 Nh7 13. Nxh7 Kxh7 14. Rd1 e5 15. Bb5 Nd4 16. Bxd7 Qxd7 17. Qxb7 Rab8 18. Qxa7 Nc2+ 19. Kf1 Nxe3+ 20. fxe3 Qc6 21. Qa3 Ra8 22. Qb3 Rfb8 23. Qc2 Qxc5 24. Kf2 Rxa2 25. Rb1 Bh6 26. Rhe1 Ra6 27. Qe2 Rf6+ 28. Kg1 c6 29. Rbd1 Rb3 30. Rd7 Kg7 31. Kh2 Qb4 32. Rf1 Bg5 33. Rxf6 Bxf6 34. Qa6 Rxb2 35. Qxc6 Qb3 36. Nd5 Qc2 37. Qxf6+ Kh6 38. Qh8+ Kg5 39. Qxe5+ Kh6 40. Qf4+ Kh7 41. Qxf7+ Kh6 42. Qf4+ g5 43. Qf6# 1-0


[Site "https://www.chess.com"]

[Event "Titled Tuesday Blitz June 20 Early 2023"]
[White "Kamsky, Gata"]
[Black "Maksimovic, Bojan"]
[WhiteFideId "2000024"]
[BlackFideId "14408120"]
[WhiteElo "2660"]
[BlackElo "2457"]
[Result "1/2-1/2"]
[Round "4"]
[TimeControl "180+2"]
[Date "2023.06.20"]
[WhiteClock "0:00:15"]
[BlackClock "0:00:06"]
[Board "13"]

1. d4 Nf6 2. Nf3 d6 3. Bf4 Nh5 4. Bd2 Nd7 5. e4 g6 6. Nc3 Bg7 7. Bc4 O-O 8. O-O e5 9. Bg5 Bf6 10. Bh6 Bg7 11. Bxg7 Kxg7 12. Qd2 c6 13. a3 Qf6 14. Rfe1 Nf4 15. Bf1 Nb6 16. dxe5 dxe5 17. Qe3 Rd8 18. a4 Bg4 19. a5 Nd7 20. Nd2 Nf8 21. Nb3 h5 22. f3 Be6 23. Nc5 Qe7 24. g3 Nh3+ 25. Kg2 Ng5 26. h4 Ngh7 27. Rad1 Nf6 28. b4 a6 29. N3a4 Rxd1 30. Rxd1 Re8 31. Nb6 Bc8 32. Qd2 Ne6 33. Nxe6+ Bxe6 34. Qd6 Qxd6 35. Rxd6 Kf8 36. c4 Ke7 37. c5 Rd8 38. Rxd8 Kxd8 39. Kf2 Ne8 40. Bc4 Nc7 41. Ke3 Ke7 42. f4 exf4+ 43. gxf4 Bh3 44. Bb3 Nb5 45. Nc4 Be6 46. Nd2 Bh3 47. Nf3 Bc8 48. Bc4 Nc7 49. Kd4 Be6 50. Bd3 Bd7 51. Ne5 Ne6+ 52. Ke3 Be8 53. Nc4 Bd7 54. Nd6 Nd8 55. f5 gxf5 56. exf5 f6 57. Be2 Be8 58. Nxe8 Kxe8 59. Bxh5+ Kf8 60. Bg6 Nf7 61. Bxf7 Kxf7 62. Kf4 Kg7 63. Kg4 Kh6 64. Kf4 Kg7 65. Kg4 Kh6 66. Kf4 Kg7 1/2-1/2


[Site "https://www.chess.com"]

[Event "Titled Tuesday Blitz June 20 Early 2023"]
[White "Sviridov, Valery"]
[Black "Morefield, Jason"]
[WhiteFideId "4120680"]
[BlackFideId "30920825"]
[WhiteElo "2457"]
[BlackElo "2171"]
[Result "1-0"]
[Round "4"]
[TimeControl "180+2"]
[Date "2023.06.20"]
[WhiteClock "0:00:04"]
[BlackClock "0:00:03"]
[Board "14"]

1. d4 Nf6 2. Nf3 d5 3. c4 c6 4. Qc2 dxc4 5. Qxc4 Bf5 6. g3 Nbd7 7. Bg2 e6 8. O-O Be7 9. Nc3 O-O 10. e3 Rc8 11. Qe2 c5 12. Rd1 Re8 13. h3 Bg6 14. Ne5 cxd4 15. exd4 Qb6 16. Nxg6 hxg6 17. Be3 Qb4 18. Qb5 Qxb5 19. Nxb5 a6 20. Nc3 a5 21. Bxb7 Rb8 22. Bc6 Rxb2 23. d5 exd5 24. Nxd5 Nxd5 25. Rxd5 Nf6 26. Rxa5 Rc8 27. Ba4 Bd6 28. Bb3 Rc7 29. Rd1 Be7 30. Ra8+ Kh7 31. Bxf7 Bc5 32. Bxc5 Rxf7 33. Bd4 Rc2 34. Be3 Ne4 35. Rdd8 g5 36. Rf8 Rxf8 37. Rxf8 Rxa2 38. Re8 Ra4 39. Re5 Kg6 40. Rb5 Rc4 41. Kg2 Rc2 42. Kf3 Rc4 43. Re5 Nf6 44. Rxg5+ Kf7 45. Rb5 Ra4 46. g4 Rc4 47. Rb7+ Kg6 48. Rb6 Kf7 49. Ra6 Rb4 50. Ra5 Rc4 51. Kg2 Kg6 52. Rg5+ Kf7 53. Rf5 Ke6 54. Rf4 Rc2 55. Ra4 Nd5 56. Kf3 Kf7 57. h4 Rc3 58. h5 Nf6 59. Ra7+ Kg8 60. Ra4 Rc6 61. Rb4 Nd5 62. Rd4 Ne7 63. Re4 Rf6+ 64. Kg2 Nd5 65. Bd4 Rc6 66. Kg3 Nc7 67. f3 Ne6 68. Be3 Kf7 69. h6 gxh6 70. Bxh6 Nc5 71. Rc4 Ke6 72. Be3 Ne4+ 73. Rxe4+ 1-0


[Site "https://www.chess.com"]

[Event "Titled Tuesday Blitz June 20 Early 2023"]
[White "Atakhan, Abtin"]
[Black "Gordievsky, Dmitry"]
[WhiteFideId "22502203"]
[BlackFideId "24112798"]
[WhiteElo "2008"]
[BlackElo "2546"]
[Result "1/2-1/2"]
[Round "4"]
[TimeControl "180+2"]
[Date "2023.06.20"]
[WhiteClock "0:00:02"]
[BlackClock "0:00:02"]
[Board "15"]

1. Nf3 c5 2. c4 Nc6 3. Nc3 g6 4. e3 Nf6 5. d4 cxd4 6. exd4 d5 7. cxd5 Nxd5 8. Qb3 e6 9. Bb5 Bg7 10. Bg5 Qb6 11. Nxd5 exd5 12. Qe3+ Be6 13. Bxc6+ bxc6 14. Qa3 Bf8 15. Qb3 Bb4+ 16. Bd2 Bxd2+ 17. Kxd2 Qc7 18. Qa3 f6 19. Rhe1 Kf7 20. Re3 Rhe8 21. h3 Bf5 22. Rae1 Be4 23. Ke2 g5 24. Kf1 h5 25. Nd2 Qh2 26. f3 Qf4 27. Kg1 Bf5 28. Re7+ Rxe7 29. Qxe7+ Kg6 30. Nb3 g4 31. fxg4 hxg4 32. Rf1 Qg5 33. hxg4 Bxg4 34. Nc5 Rh8 35. Nd3 Bf5 36. Nf4+ Kh6 37. Rf3 Rg8 38. Kf2 Qh4+ 39. Ke2 Be4 40. Rh3 Rxg2+ 41. Kd1 Rg1+ 42. Kd2 Rg2+ 43. Kd1 Rg1+ 44. Kd2 Rg2+ 45. Kd1 1/2-1/2


[Site "https://www.chess.com"]

[Event "Titled Tuesday Blitz June 20 Early 2023"]
[White "Tabatabaei, M. Amin"]
[Black "Nagare Kaivalya Sandip"]
[WhiteFideId "12521213"]
[BlackFideId "25957929"]
[WhiteElo "2575"]
[BlackElo "2024"]
[Result "1/2-1/2"]
[Round "4"]
[TimeControl "180+2"]
[Date "2023.06.20"]
[WhiteClock "0:00:14"]
[BlackClock "0:00:06"]
[Board "16"]

1. d4 Nf6 2. Nf3 e6 3. Bf4 d5 4. e3 c5 5. c3 Nc6 6. Nbd2 Bd6 7. Bg3 O-O 8. Bd3 b6 9. e4 Be7 10. e5 Nh5 11. Ng5 Bxg5 12. Qxh5 g6 13. Qe2 cxd4 14. h4 Bh6 15. Nf3 dxc3 16. bxc3 f5 17. exf6 Qxf6 18. Ne5 Bb7 19. h5 Bg7 20. h6 Bh8 21. f4 Nxe5 22. fxe5 Qg5 23. Rh3 Rac8 24. Qd2 Qg4 25. Be2 Qe4 26. O-O-O Qxg2 27. Bg4 Qxd2+ 28. Kxd2 Rc6 29. Rh2 Bc8 30. Kc2 Rc4 31. Rd4 Rc7 32. Kb3 Bd7 33. Rhd2 Rfc8 34. Rc2 b5 35. a3 a5 36. Kb2 Rc4 37. Be2 R4c5 38. Bg4 Rc4 39. Be2 R4c5 40. Bf4 Rf8 41. Bg3 Rfc8 1/2-1/2


[Site "https://www.chess.com"]

[Event "Titled Tuesday Blitz June 20 Early 2023"]
[White "Svane, Rasmus"]
[Black "Koshulyan, Egor A."]
[WhiteFideId "4657101"]
[BlackFideId "24237000"]
[WhiteElo "2601"]
[BlackElo "2216"]
[Result "1-0"]
[Round "4"]
[TimeControl "180+2"]
[Date "2023.06.20"]
[WhiteClock "0:00:34"]
[BlackClock "0:00:05"]
[Board "17"]

1. Nf3 d5 2. g3 c6 3. Bg2 Bg4 4. O-O Nd7 5. h3 Bxf3 6. Bxf3 e5 7. d3 Ngf6 8. e4 Bc5 9. Nc3 dxe4 10. Nxe4 Nxe4 11. dxe4 O-O 12. Qe2 Qc7 13. Kg2 Rad8 14. a4 a5 15. Bg5 f6 16. Bd2 Kh8 17. Rfd1 Bd4 18. c3 Bc5 19. h4 Rf7 20. h5 Nf8 21. Bg4 Re7 22. Be1 Ne6 23. Bxe6 Rxe6 24. Qc4 Red6 25. Rxd6 Qxd6 26. h6 g6 27. b4 axb4 28. cxb4 Bd4 29. Rd1 Qf8 30. b5 cxb5 31. Qxb5 b6 32. Bb4 Qf7 33. Qc6 f5 34. exf5 Qxf5 35. Rd2 Qg5 36. Qc7 Rg8 37. Bf8 Qf6 38. Bg7+ Rxg7 39. hxg7+ Qxg7 40. Qd8+ Qg8 41. Qf6+ Qg7 42. Qf3 h6 43. Rc2 Bc5 44. a5 Qa7 45. a6 Qxa6 46. Qf6+ Kh7 47. Qf7+ Kh8 48. Qxg6 Qb7+ 49. f3 Qg7 50. Qf5 Bf8 51. Rc8 Kg8 52. Rd8 Qf7 53. Qxe5 Qa2+ 54. Kh3 Qf7 55. Qd5 Qxd5 56. Rxd5 Kf7 57. Kg4 Ke6 58. Rf5 Bc5 59. Rh5 Bf8 60. Kf4 Bd6+ 61. Ke4 Bf8 62. f4 Kf6 63. g4 Kg6 64. Re5 Bc5 65. Re6+ Kf7 66. Rxh6 b5 67. Rh5 Be7 68. Rxb5 1-0


[Site "https://www.chess.com"]

[Event "Titled Tuesday Blitz June 20 Early 2023"]
[White "Gurel, Ediz"]
[Black "Weishaeutel, Moritz"]
[WhiteFideId "44507356"]
[BlackFideId "12967300"]
[WhiteElo "2352"]
[BlackElo "2301"]
[Result "1-0"]
[Round "4"]
[TimeControl "180+2"]
[Date "2023.06.20"]
[WhiteClock "0:00:02"]
[BlackClock "0:00:00"]
[Board "18"]

1. e4 e5 2. Nf3 Nf6 3. Nxe5 Nc6 4. Nf3 Nxe4 5. Nc3 Nxc3 6. dxc3 Bc5 7. Bd3 Qe7+ 8. Qe2 Qxe2+ 9. Kxe2 O-O 10. Be3 Re8 11. Rhe1 Bxe3 12. fxe3 d6 13. Kf2 Ne5 14. h3 Bd7 15. Rad1 Re7 16. Nd4 Rae8 17. c4 c5 18. Nf3 Re6 19. Bf5 Rf6 20. Bxd7 Nxd7 21. b3 Ne5 22. Rd5 Kf8 23. Red1 Ree6 24. Ke2 Nxf3 25. gxf3 Rh6 26. Rh1 Reg6 27. Kf2 Ke7 28. f4 Rh4 29. Kf3 Rgh6 30. Kg3 R4h5 31. Kg4 Rh4+ 32. Kg3 R4h5 33. Rxh5 Rxh5 34. h4 Rh6 35. e4 Ke6 36. Kg4 Rg6+ 37. Kf3 f5 38. Re1 fxe4+ 39. Rxe4+ Kd7 40. h5 Rg1 41. f5 Rg5 42. Rg4 Rxf5+ 43. Ke4 Rxh5 44. Rxg7+ Kc6 45. Kd3 Rh3+ 46. Kd2 Rh2+ 47. Kc3 h5 48. a3 a5 49. Rh7 h4 50. Kb2 h3 51. Kc3 Rh1 52. Kb2 b5 53. cxb5+ Kxb5 54. Rh6 Kc6 55. c3 Kd5 56. b4 axb4 57. axb4 Kc4 58. Rh4+ Kd3 59. b5 c4 60. b6 Rh2+ 61. Ka3 Kxc3 62. b7 Rh1 63. Ka2 Rh2+ 64. Ka3 Rh1 65. Rxh3+ Rxh3 66. b8=Q Kc2+ 67. Ka2 Rd3 68. Qb4 d5 69. Qa4+ Kd2 70. Qb4+ Kc2 71. Qf8 Rd2 72. Qf4 Kc3+ 73. Ka3 Rd3 74. Ka4 d4 75. Kb5 Kb3 76. Qf7 Rc3 77. Kc5 d3 78. Qb7+ Kc2 79. Qh7 Kc1 80. Kd4 Rb3 81. Kxc4 d2 82. Qh6 1-0


[Site "https://www.chess.com"]

[Event "Titled Tuesday Blitz June 20 Early 2023"]
[White "Kozak, Adam"]
[Black "Mortazavi, Ali"]
[WhiteFideId "753246"]
[BlackFideId "401323"]
[WhiteElo "2469"]
[BlackElo "2339"]
[Result "1-0"]
[Round "4"]
[TimeControl "180+2"]
[Date "2023.06.20"]
[WhiteClock "0:01:00"]
[BlackClock "0:00:00"]
[Board "19"]

1. e4 c6 2. d4 d5 3. e5 Bf5 4. g4 Bd7 5. Nc3 h5 6. gxh5 e6 7. Be3 Nh6 8. Bd3 c5 9. dxc5 Nc6 10. Nf3 Ng4 11. Bg5 Qa5 12. a3 Bxc5 13. O-O Qb6 14. Qe2 Rxh5 15. h4 Be7 16. Bf4 g6 17. b4 Nd4 18. Qd1 Nxf3+ 19. Qxf3 Rxh4 20. Bg3 Qd4 21. Ne2 Nxe5 22. Qg2 Qb2 23. Rab1 Qxa3 24. Bxe5 O-O-O 25. Rb3 Qa4 26. Rc3+ Bc6 27. b5 Rdh8 28. Ng3 1-0


[Site "https://www.chess.com"]

[Event "Titled Tuesday Blitz June 20 Early 2023"]
[White "Pinheiro, Iung Alicio de O."]
[Black "Shimanov, Aleksandr"]
[WhiteFideId "2104350"]
[BlackFideId "4198603"]
[WhiteElo "2283"]
[BlackElo "2631"]
[Result "0-1"]
[Round "4"]
[TimeControl "180+2"]
[Date "2023.06.20"]
[WhiteClock "0:00:12"]
[BlackClock "0:01:58"]
[Board "20"]

1. e4 d5 2. exd5 Qxd5 3. Nc3 Qe5+ 4. Be2 Bg4 5. d4 Bxe2 6. Ngxe2 Qa5 7. Qd3 Nf6 8. O-O Nc6 9. Be3 O-O-O 10. Qc4 e6 11. a3 h5 12. Qb5 Be7 13. h3 a6 14. Qxa5 Nxa5 15. b3 Ne8 16. Ne4 Nd6 17. Nxd6+ Rxd6 18. Rab1 Rhd8 19. Rfc1 Bf6 20. c3 g6 21. Bf4 R6d7 22. Be3 Nc6 23. b4 Ne7 24. a4 Nf5 25. b5 a5 26. b6 c6 27. Bf4 Re8 28. g4 hxg4 29. hxg4 Ne7 30. Ng3 Nd5 31. Bd2 Bd8 32. Ne4 Bxb6 33. c4 Nb4 34. Nf6 Red8 35. Nxd7 Rxd7 36. c5 Bc7 37. Bxb4 axb4 38. Rxb4 Ba5 39. Rbc4 Rd8 40. Kg2 Kd7 41. Rh1 Ke7 42. Rb1 Rd7 43. Rc2 Kd8 44. Rcb2 Kc8 45. Rh1 Bc3 46. Rh8+ Kc7 47. Rc2 Bxd4 48. a5 Bxh8 0-1


[Site "https://www.chess.com"]

[Event "Titled Tuesday Blitz June 20 Early 2023"]
[White "Shevtchenko, Olesya"]
[Black "Durarbayli, Vasif"]
[WhiteFideId "24131890"]
[BlackFideId "13402935"]
[WhiteElo "2003"]
[BlackElo "2551"]
[Result "1-0"]
[Round "4"]
[TimeControl "180+2"]
[Date "2023.06.20"]
[WhiteClock "0:00:07"]
[BlackClock "0:00:00"]
[Board "21"]

1. e4 c6 2. d4 d5 3. Nc3 g6 4. e5 Bg7 5. f4 h5 6. Nf3 Bg4 7. Be3 Nh6 8. h3 Bxf3 9. Qxf3 Nf5 10. Bf2 h4 11. Bd3 e6 12. O-O Nd7 13. Ne2 b5 14. b3 b4 15. c4 bxc3 16. Nxc3 Bf8 17. Rac1 c5 18. dxc5 Bxc5 19. Bxc5 Nxc5 20. Bxf5 gxf5 21. Nxd5 Rc8 22. Nf6+ Kf8 23. Rfd1 Qb6 24. Kh2 Kg7 25. g4 Ne4 26. gxf5 Nxf6 27. Qg2+ Kh7 28. exf6 Rcg8 29. Qf3 Kh6 30. Rg1 exf5 31. Rg5 Rxg5 32. fxg5+ Kg6 33. Rf1 Qd6+ 34. Kh1 Qc5 35. b4 Qe5 36. a4 Rb8 37. b5 Rd8 38. Qf4 Qd5+ 39. Kh2 Rh8 40. Rf2 Qc5 41. Rd2 Qc3 42. Rf2 Qc5 43. Re2 Qd5 44. Re5 Qd3 45. Re3 Qd2+ 46. Kg1 Qd5 47. Rf3 Qd1+ 48. Kh2 Qd5 49. Rf2 Qe6 50. Rd2 Qe1 51. a5 Re8 52. Rf2 Re2 53. Qxf5+ Kh5 54. g6+ Kh6 55. Qf4+ Kxg6 56. Qg4+ Kh6 57. Qxe2 Qxa5 58. Qe3+ Kh7 59. Rg2 Qc7+ 60. Kh1 Qb7 61. Qg5 1-0


[Site "https://www.chess.com"]

[Event "Titled Tuesday Blitz June 20 Early 2023"]
[White "Zhigalko, Sergei"]
[Black "Ljukin, Sergei"]
[WhiteFideId "13502956"]
[BlackFideId "14102200"]
[WhiteElo "2626"]
[BlackElo "2312"]
[Result "1-0"]
[Round "4"]
[TimeControl "180+2"]
[Date "2023.06.20"]
[WhiteClock "0:01:10"]
[BlackClock "0:00:18"]
[Board "22"]

1. e4 e6 2. d4 d5 3. e5 c5 4. c3 Nc6 5. Nf3 Qb6 6. Bd3 cxd4 7. O-O Bd7 8. Re1 g6 9. Nbd2 dxc3 10. bxc3 Bg7 11. Ba3 Nge7 12. Rb1 Qc7 13. Bd6 Qc8 14. c4 O-O 15. h4 f6 16. cxd5 exd5 17. e6 Bxe6 18. Bxe7 Nxe7 19. Qe2 Bf5 20. Qxe7 1-0


[Site "https://www.chess.com"]

[Event "Titled Tuesday Blitz June 20 Early 2023"]
[White "Darini, Pouria"]
[Black "Oparin, Grigoriy"]
[WhiteFideId "12502200"]
[BlackFideId "24125890"]
[WhiteElo "2482"]
[BlackElo "2647"]
[Result "0-1"]
[Round "4"]
[TimeControl "180+2"]
[Date "2023.06.20"]
[WhiteClock "0:00:10"]
[BlackClock "0:01:09"]
[Board "23"]

1. Nf3 Nf6 2. d4 e6 3. Bf4 d5 4. e3 c5 5. Nbd2 Nc6 6. c3 cxd4 7. exd4 Nh5 8. Be3 Bd6 9. Ne5 g6 10. Be2 Ng7 11. Ndf3 O-O 12. O-O f6 13. Nxc6 bxc6 14. c4 Nf5 15. Bd2 g5 16. Bc3 Bd7 17. Bd3 Qe8 18. h3 Qf7 19. Re1 Kh8 20. cxd5 cxd5 21. Bxf5 exf5 22. Ne5 Qg7 23. Nxd7 Qxd7 24. Qh5 Rae8 25. a3 Re4 26. f3 Rxe1+ 27. Rxe1 Kg7 28. Re2 Qf7 29. Qxf7+ Kxf7 30. Kf2 Rc8 31. Re3 h5 32. Ke2 g4 33. hxg4 fxg4 34. fxg4 hxg4 35. Kd3 Rh8 36. Re2 Rh1 37. Be1 f5 38. b4 f4 39. a4 g3 40. b5 f3 41. gxf3 g2 42. Rxg2 Rxe1 43. Rg5 Ra1 44. Rxd5 Ke6 45. Rh5 Rxa4 46. Rh6+ Kd7 47. Rh7+ Kc8 48. Kc3 Bc7 49. Rh5 Bb6 50. Rd5 Ra3+ 51. Kc4 Rxf3 52. Re5 Rf4 53. Rd5 Kc7 54. Kd3 Rf1 55. Ke4 Rf7 56. Rh5 Rd7 57. d5 Kd6 58. Rh6+ Kc5 59. Rh5 Kxb5 60. Ke5 Kc5 61. Ke6 Rd6+ 62. Ke7 Rxd5 63. Rh1 a5 64. Rc1+ Kb5 65. Ke6 Rc5 66. Rb1+ Kc6 67. Rd1 a4 68. Ra1 Rc4 69. Ke5 Bd4+ 70. Ke4 Bxa1+ 71. Kd3 Kb5 72. Kd2 Bf6 73. Kd3 a3 74. Ke3 a2 75. Kd3 a1=Q 76. Kd2 0-1


[Site "https://www.chess.com"]

[Event "Titled Tuesday Blitz June 20 Early 2023"]
[White "Ajay Karthikeyan"]
[Black "Andreikin, Dmitry"]
[WhiteFideId "35011685"]
[BlackFideId "4158814"]
[WhiteElo "2321"]
[BlackElo "2736"]
[Result "0-1"]
[Round "4"]
[TimeControl "180+2"]
[Date "2023.06.20"]
[WhiteClock "0:00:00"]
[BlackClock "0:01:11"]
[Board "24"]

1. e4 c5 2. Nf3 g6 3. d4 cxd4 4. Nxd4 Nf6 5. Nc3 d6 6. Be3 Nc6 7. f3 h5 8. Qd2 Nxd4 9. Bxd4 Bh6 10. Be3 Bxe3 11. Qxe3 Qa5 12. O-O-O O-O 13. h4 Be6 14. Kb1 Rfc8 15. a3 Rab8 16. g4 b5 17. g5 b4 18. axb4 Qxb4 19. Nb5 Nd7 20. Rd4 Qc5 21. Na3 Ne5 22. Be2 Nc6 23. Rd3 Qb4 24. Qc1 Ne5 25. Re3 Qd4 26. c3 Qa4 27. f4 Qxa3 28. fxe5 dxe5 29. c4 Rxb2+ 30. Qxb2 Qxe3 31. Rc1 Qxe4+ 32. Ka1 Rc5 33. Qa3 Qd4+ 34. Ka2 Qd2+ 35. Ka1 Ra5 0-1


[Site "https://www.chess.com"]

[Event "Titled Tuesday Blitz June 20 Early 2023"]
[White "Goryachkina, Aleksandra"]
[Black "Makarian, Rudik"]
[WhiteFideId "4147103"]
[BlackFideId "44105681"]
[WhiteElo "2471"]
[BlackElo "2451"]
[Result "0-1"]
[Round "4"]
[TimeControl "180+2"]
[Date "2023.06.20"]
[WhiteClock "0:00:00"]
[BlackClock "0:01:07"]
[Board "25"]

1. e4 c5 2. Nf3 d6 3. Bb5+ Nd7 4. Ba4 a6 5. c4 e5 6. O-O Ne7 7. Nc3 Nc6 8. d3 Be7 9. a3 O-O 10. h3 Nb6 11. Bc2 f5 12. exf5 Bxf5 13. Ne2 Bxh3 14. gxh3 Rxf3 15. Ng3 Rf7 16. Be3 Qd7 17. Kh2 Raf8 18. b4 Nd4 19. Bxd4 exd4 20. Qe2 Bh4 21. Rae1 Bxg3+ 22. fxg3 Rxf1 23. Rxf1 Rxf1 24. Qxf1 Qf7 25. Qe2 Nd7 26. Kg2 b6 27. Qe4 g6 28. Bd1 Kg7 29. Qc6 Ne5 30. Qe4 Qf5 31. Qxf5 gxf5 32. Be2 cxb4 33. axb4 a5 0-1


[Site "https://www.chess.com"]

[Event "Titled Tuesday Blitz June 20 Early 2023"]
[White "Agibileg, Uurtsaikh"]
[Black "Hakobyan, Aram"]
[WhiteFideId "4901606"]
[BlackFideId "13306677"]
[WhiteElo "2353"]
[BlackElo "2584"]
[Result "0-1"]
[Round "4"]
[TimeControl "180+2"]
[Date "2023.06.20"]
[WhiteClock "0:00:08"]
[BlackClock "0:00:14"]
[Board "26"]

1. d4 g6 2. c4 Bg7 3. e4 d6 4. Nc3 c5 5. d5 Bxc3+ 6. bxc3 e5 7. Bd3 Nd7 8. f4 exf4 9. Bxf4 Qf6 10. Qd2 Ne5 11. Bxe5 dxe5 12. Nf3 Qd6 13. O-O f6 14. a4 a5 15. Be2 Bd7 16. Ne1 b6 17. Nc2 Kd8 18. Ne3 Kc7 19. Bg4 Bxg4 20. Nxg4 h5 21. Ne3 Ne7 22. Nc2 Rhf8 23. Na3 Kb7 24. Nb5 Qd7 25. d6 Nc6 26. Qd5 Rad8 27. Rad1 Qf7 28. d7 Qxd5 29. Rxd5 Nb8 30. Rfd1 Kc6 31. Rd6+ Kb7 32. R6d5 Kc6 33. Na7+ Kb7 34. Nc8 Rxd7 35. Nd6+ Kc6 36. Nb5 Rfd8 37. Rf1 Rf8 38. Rxe5 fxe5 39. Rxf8 Rd1+ 40. Kf2 Nd7 41. Rf7 Ra1 42. Na7+ Kc7 43. Nb5+ Kd8 44. Rg7 Rxa4 45. Rxg6 Ra1 46. h4 a4 47. Rg8+ Ke7 48. Ra8 Nf6 49. Kf3 Rf1+ 50. Ke2 Rh1 51. Rxa4 Rxh4 52. Ra7+ Kf8 53. Nc7 Rxe4+ 54. Kd3 Rg4 55. Ne6+ Kg8 56. Rb7 Rg3+ 57. Ke2 Rxg2+ 58. Kf3 Rc2 59. Rg7+ Kh8 60. Rf7 Rxc3+ 61. Kg2 Ng4 62. Rf8+ Kh7 63. Re8 Rxc4 64. Kg3 Kg6 65. Rb8 Rb4 66. Nc7 Nf6 67. Rb7 Kf5 68. Na6 Rb3+ 69. Kh4 Rd3 70. Rf7 Rd4+ 71. Kg3 Kg6 72. Rf8 Ne4+ 73. Kg2 h4 74. Rg8+ Kf5 75. Rf8+ Kg4 76. Nc7 Rd2+ 77. Kf1 Ng3+ 78. Ke1 Re2+ 79. Kd1 Ra2 80. Ne6 h3 81. Rg8+ Kf3 82. Ng5+ Kg2 83. Ne4 Ra3 84. Nxg3 Rxg3 85. Rh8 h2 86. Rxh2+ Kxh2 87. Ke2 e4 88. Kf2 c4 89. Ke2 b5 90. Kd2 b4 91. Ke2 b3 92. Ke1 c3 93. Kd1 Rg2 94. Kc1 Kg3 95. Kb1 Rd2 96. Ka1 e3 97. Kb1 e2 98. Ka1 e1=Q# 0-1


[Site "https://www.chess.com"]